 Dungeon Crawl Stone Soup version 0.20.0-10-g0535bb4 (webtiles) character file.

154 anfisbena the Twirler (level 5, -2/46 HPs)
             Began as a Ghoul Gladiator on June 4, 2017.
             Killed from afar by an orc wizard (5 damage)
             ... with a magic dart
             ... on level 3 of the Dungeon.
             The game lasted 00:02:09 (2975 turns).

anfisbena the Twirler (Ghoul Gladiator)             Turns: 2975, Time: 00:02:09

Health: -2/46      AC:  4    Str: 18    XL:     5   Next: 35%
Magic:  4/4        EV: 12    Int:  3    God:
Gold:   165        SH:  0    Dex: 11    Spells: 4/4 levels left

rFire    . . .     SeeInvis .   a - +0 quarterstaff
rCold    + . .     Gourm    .   (shield currently unavailable)
rNeg     + + +     Faith    .   b - +0 leather armour
rPois    ∞         Spirit   .   c - +0 helmet
rElec    .         Reflect  .   (no cloak)
rCorr    .         Harm     .   (no gloves)
MR       .....                  (no boots)
Stlth    +.........             (no amulet)
Regen    0.0/turn               (no ring)
MPRegen  0.1/turn               (no ring)

@: rotting
A: rotting body, claws 1, carnivore 3, cold resistance 1, negative energy
resistance 3, inhibited regeneration, torment resistance, unbreathing
a: no special abilities


You were on level 3 of the Dungeon.
You were not hungry.

You visited 1 branch of the dungeon, and saw 3 of its levels.

You collected 165 gold pieces.

Inventory:

Hand Weapons
 a - a +0 quarterstaff (weapon)
Missiles
 d - 3 throwing nets (quivered)
Armour
 b - a +0 leather armour (worn)
 c - a +0 helmet (worn)
Jewellery
 p - an uncursed ring of magical power {unknown}
 q - an uncursed ring of ice {unknown}
Scrolls
 e - a scroll of noise {unknown}
 h - a scroll of fog {unknown}
 j - 5 scrolls of identify {unknown}
 l - a scroll of immolation {unknown}
 o - a scroll of amnesia {unknown}
 s - a scroll of recharging {unknown}
 t - a scroll of blinking {unknown}
 u - a scroll of fear {unknown}
 v - a scroll of remove curse {unknown}
 w - a scroll of teleportation {unknown}
Potions
 i - a potion of haste {unknown}
 k - 5 potions of brilliance {unknown}
 m - 2 potions of curing {unknown}
 n - 3 potions of degeneration {unknown}
 x - a potion of flight {unknown}
Comestibles
 f - 2 meat rations
 r - a royal jelly


   Skills:
 + Level 3.7 Fighting
 * Level 4.6 Staves
 - Level 1.7 Throwing
 - Level 2.6 Dodging


You had 4 spell levels left.
You didn't know any spells.

Dungeon Overview and Level Annotations

Branches:
Dungeon (3/15)

Altars:
Dithmenos
Fedhas
Hepliaklqana
Okawaru
Trog
Yredelemnul
Zin


Innate Abilities, Weirdness & Mutations

Your body is rotting away.
You thrive on raw meat.
You are immune to poison.
You have sharp fingernails.
You are carnivorous and can eat meat at any time.
Your flesh is cold resistant. (rC+)
You are immune to negative energy. (rN+++)
You do not regenerate when monsters are visible.
You are immune to unholy pain and torment.
You can survive without breathing.


Message History

The orc wizard hits you but does no damage.
The orc wizard hits you with a dagger.
* * * LOW HITPOINT WARNING * * *
You closely miss the orc wizard.
The orc wizard hits you but does no damage.
You hit the orc wizard but do no damage.
The orc wizard points at you and mumbles some strange words.
The magic dart hits you!
* * * LOW HITPOINT WARNING * * *
The orc wizard points at you and mumbles some strange words.
The magic dart hits you!
* * * LOW HITPOINT WARNING * * *
You barely miss the orc wizard. The orc wizard closely misses you.
You barely miss the orc wizard. The orc wizard misses you.
The orc wizard hits you but does no damage.
You sock the orc wizard!
The orc wizard is heavily wounded.
The orc wizard points at you and mumbles some strange words.
The magic dart hits you!
You die...

.........................
..#####..........#####.. ..#
#.......####......### # ..#
#.................... ### ..#
#........###......## ###.. ###
#........#.....#### #_... #
#........#.###.############..
#####........#.###............###
..............oo@.......###...#.#
#####........#.########..##......
# #........#)# ##.##...... #
#......%†).##### #.##...... #
#..........(...# #.##...... #
#..............# #..#......
#####..............######.#..)...
......................# #..###...
#####.........#....##.####.# #...


You could see an orc wizard and an orc.

Vanquished Creatures
  4 adders
  3 worms
  5 dart slugs
  3 leopard geckos
  11 orcs (D:3)
  2 ball pythons
  5 giant cockroaches
  10 goblins
  11 hobgoblins
  6 jackals
  10 kobolds
  2 bats (D:1)
  2 frilled lizards (D:1)
  8 rats
82 creatures vanquished.

Notes
Turn   | Place    | Note
-------+----------+-------------------------------------------
     0 | D:1      | anfisbena the Ghoul Gladiator began the quest for the Orb.
     0 | D:1      | Reached XP level 1. HP: 17/17 MP: 0/0
    73 | D:1      | Reached skill level 3 in Staves
    73 | D:1      | Reached XP level 2. HP: 17/25 MP: 1/1
   500 | D:1      | Reached XP level 3. HP: 29/30 MP: 2/2
   865 | D:2      | Found a blossoming altar of Fedhas.
  1049 | D:2      | Found a basalt altar of Yredelemnul.
  1151 | D:2      | Reached XP level 4. HP: 38/38 MP: 3/3
  1301 | D:2      | Reached skill level 4 in Staves
  1952 | D:3      | Found a hazy altar of Hepliaklqana.
  2322 | D:3      | Reached XP level 5. HP: 45/45 MP: 4/4
  2367 | D:3      | Found a glowing silver altar of Zin.
  2717 | D:3      | Found a shadowy altar of Dithmenos.
  2723 | D:3      | Found an iron altar of Okawaru.
  2735 | D:3      | Found a bloodstained altar of Trog.
  2975 | D:3      | Killed from afar by an orc wizard

Skill      XL: |  1  2  3  4 |
---------------+-------------+-----
Staves         | 3 4 |  4.6
Fighting       | 3 |  3.7
Throwing       | |  1.7
Dodging        | |  2.6

Action                   |  1- 3 |  4- 6 || total
-------------------------+-------+-------++-------
Melee: Quarterstaff      |   106 |   139 ||   245
  Eat: Chunk             |     4 |     7 ||    11
Armor: Leather armour    |    47 |    27 ||    74
Dodge: Dodged            |   104 |    73 ||   177
